TOP OF THE 1ST |
Greeneville Astros batting - Pitching for Great Falls Voyagers : LHP Juan Fuentes
|
Pitching: LHP Juan Fuentes
|
|
Batting: RHB Gabe Allen
|
0-0: Called Strike 0-1: Ball 1-1: DOUBLE (Groundball, 5L, EV 107.5 MPH)
|
Batting: LHB Guadalupe Gonzalez
|
0-0: Ground out 4-3 (Groundball, 4, EV 100.6 MPH) Gabe Allen to third
|
Batting: RHB Areda Obote
|
0-0: Ball 1-0: Swinging Strike 1-1: Ball 2-1: Ball 3-1: Called Strike 3-2: Base on Balls
|
Batting: RHB Hugo Priego
|
0-0: Called Strike 0-1: Called Strike 0-2: Ball 1-2: Fielders Choice at 2nd, 1-4 (Groundball, 15S, EV 63.1 MPH)
|
Batting: RHB Roger Pelley
|
0-0: Called Strike 0-1: Ball 1-1: Ball 2-1: Ground out 4-3 (Groundball, 4, EV 103.1 MPH)
|
Top of the 1st over - 0 runs, 1 hit, 0 errors, 2 left on base; Greeneville 0 - Great Falls 0 |
BOTTOM OF THE 1ST |
Great Falls Voyagers batting - Pitching for Greeneville Astros : LHP Manny Muniz
|
Pitching: LHP Manny Muniz
|
|
Batting: RHB Josiah Wright
|
0-0: Ball 1-0: Swinging Strike 1-1: Called Strike 1-2: Ball 2-2: Foul Ball, location: 2F 2-2: Foul Ball, location: 2F 2-2: DOUBLE (Line Drive, 9LS, EV 91.9 MPH)
|
Batting: SHB Veit Geisler
|
0-0: 2-RUN HOME RUN (Flyball, 9D, EV 98.1 MPH), Distance : 366 ft
|
Batting: RHB Russ Cornett
|
0-0: Ball 1-0: Ball 2-0: Ball 3-0: Called Strike 3-1: Base on Balls
|
Batting: RHB Billy Grubbs
|
0-0: Called Strike 0-1: Fielders Choice at 2nd, 4-6 (Groundball, 34, EV 82.5 MPH)
|
Batting: RHB Tommy Ellington
|
0-0: Ball 1-0: Called Strike 1-1: Foul Ball, location: 2F 1-2: Foul Ball, location: 2F 1-2: Hit by Pitch Billy Grubbs to second
|
Batting: RHB Duncan Collins
|
0-0: Called Strike Billy Grubbs steals 3rd base 0-1: DOUBLE (Flyball, 8LXD, EV 110.0 MPH) Billy Grubbs scores Tommy Ellington to third Runner from 3rd tries for Home, SAFE, throw by CF to home
|
Batting: RHB Francisco Marin
|
0-0: Called Strike 0-1: Ball 1-1: Ball Wild Pitch! Duncan Collins to third 2-1: Swinging Strike 2-2: Strikes out looking
|
Batting: RHB David Laureano
|
0-0: Ball 1-0: Ground out 4-3 (Groundball, 4, EV 85.0 MPH)
|
Bottom of the 1st over - 4 runs, 3 hits, 0 errors, 1 left on base; Greeneville 0 - Great Falls 4 |
TOP OF THE 2ND |
Greeneville Astros batting - Pitching for Great Falls Voyagers : LHP Juan Fuentes
|
Batting: LHB Ryan Fridley
|
0-0: Called Strike 0-1: Ball 1-1: Ground out 6-3 (Groundball, 6, EV 88.1 MPH)
|
Batting: RHB Leo Lopez
|
0-0: Foul Ball, location: 2F 0-1: Called Strike 0-2: Ball 1-2: Ball 2-2: Ground out 6-3 (Groundball, 6MD, EV 81.9 MPH)
|
Batting: RHB Fernando Acosta
|
0-0: Ground out 4-3 (Groundball, 4M, EV 85.6 MPH)
|
Top of the 2nd over - 0 runs, 0 hits, 0 errors, 0 left on base; Greeneville 0 - Great Falls 4 |
BOTTOM OF THE 2ND |
Great Falls Voyagers batting - Pitching for Greeneville Astros : LHP Manny Muniz
|
Batting: RHB Enrique Gomez
|
0-0: Ball 1-0: Ball 2-0: Called Strike 2-1: Swinging Strike 2-2: Strikes out swinging
|
Batting: RHB Josiah Wright
|
0-0: Ball 1-0: Called Strike 1-1: Swinging Strike 1-2: Ball 2-2: Foul Ball, location: 2F 2-2: Foul Ball, location: 2F 2-2: Foul Ball, location: 2F 2-2: Strikes out swinging
|
Batting: SHB Veit Geisler
|
0-0: Hit by Pitch
|
Batting: RHB Russ Cornett
|
0-0: Called Strike 0-1: Ball Veit Geisler steals 2nd base 1-1: Foul Ball, location: 2F 1-2: Ground out 6-3 (Groundball, 6, EV 76.2 MPH)
|
Bottom of the 2nd over - 0 runs, 0 hits, 0 errors, 1 left on base; Greeneville 0 - Great Falls 4 |
TOP OF THE 3RD |
Greeneville Astros batting - Pitching for Great Falls Voyagers : LHP Juan Fuentes
|
Batting: RHB Nick Hernandes
|
0-0: Called Strike 0-1: Swinging Strike 0-2: Foul Ball, location: 2F 0-2: Foul Ball, location: 2F 0-2: Foul Ball, location: 2F 0-2: Strikes out swinging
|
Batting: RHB Gabe Allen
|
0-0: Called Strike 0-1: Ball 1-1: Ball 2-1: Swinging Strike 2-2: Foul Ball, location: 2F 2-2: Strikes out swinging
|
Batting: LHB Guadalupe Gonzalez
|
0-0: Ball 1-0: Called Strike 1-1: Swinging Strike 1-2: Foul Ball, location: 2F 1-2: Ball 2-2: Strikes out swinging
|
Top of the 3rd over - 0 runs, 0 hits, 0 errors, 0 left on base; Greeneville 0 - Great Falls 4 |
BOTTOM OF THE 3RD |
Great Falls Voyagers batting - Pitching for Greeneville Astros : LHP Manny Muniz
|
Batting: RHB Billy Grubbs
|
0-0: Called Strike 0-1: Ground out U3 (Groundball, 34, EV 80.0 MPH)
|
Batting: RHB Tommy Ellington
|
0-0: Called Strike 0-1: Ball 1-1: Ball 2-1: Ball 3-1: Base on Balls
|
Batting: RHB Duncan Collins
|
0-0: Ball 1-0: Ball 2-0: Ball 3-0: Called Strike 3-1: Foul Ball, location: 2F 3-2: Base on Balls Tommy Ellington to second
|
Batting: RHB Francisco Marin
|
0-0: Ball 1-0: Ball 2-0: Called Strike 2-1: Fielders Choice at 2nd, 5-4 (Groundball, 5, EV 105.6 MPH) Tommy Ellington to third
|
Batting: RHB David Laureano
|
0-0: Called Strike 0-1: Ground out 4-3 (Groundball, 4MS, EV 87.5 MPH)
|
Bottom of the 3rd over - 0 runs, 0 hits, 0 errors, 2 left on base; Greeneville 0 - Great Falls 4 |
TOP OF THE 4TH |
Greeneville Astros batting - Pitching for Great Falls Voyagers : LHP Juan Fuentes
|
Batting: RHB Areda Obote
|
0-0: Called Strike 0-1: Ball 1-1: Foul Ball, location: 2F 1-2: Foul Ball, location: 2F 1-2: SINGLE (Line Drive, 3D, EV 94.4 MPH)
|
Batting: RHB Hugo Priego
|
0-0: Ball 1-0: Ball 2-0: Ball 3-0: Called Strike 3-1: Called Strike 3-2: Strikes out swinging
|
Batting: RHB Roger Pelley
|
0-0: Foul Ball, location: 2F 0-1: Fly out, F4 (Popup, 4S, EV 68.1 MPH)
|
Batting: LHB Ryan Fridley
|
0-0: Swinging Strike 0-1: Foul Ball, location: 2F 0-2: Strikes out swinging
|
Top of the 4th over - 0 runs, 1 hit, 0 errors, 1 left on base; Greeneville 0 - Great Falls 4 |
BOTTOM OF THE 4TH |
Great Falls Voyagers batting - Pitching for Greeneville Astros : LHP Manny Muniz
|
Batting: RHB Enrique Gomez
|
0-0: Fly out, F7 (Flyball, 7S, EV 80.6 MPH)
|
Batting: RHB Josiah Wright
|
0-0: Called Strike 0-1: Ball 1-1: Ball 2-1: Foul Ball, location: 2F 2-2: Foul Ball, location: 2F 2-2: Foul Ball, location: 2F 2-2: Ball 3-2: Foul Ball, location: 2F 3-2: Base on Balls
|
Pitching: RHP Ernie Bell
|
|
Batting: SHB Veit Geisler
|
0-0: Ball 1-0: Foul Ball, location: 2F 1-1: Ball Josiah Wright steals 2nd base (no throw) 2-1: Ball 3-1: Called Strike 3-2: 2-RUN HOME RUN (Flyball, 89XD, EV 105.6 MPH), Distance : 410 ft
|
Batting: RHB Russ Cornett
|
0-0: Ball 1-0: Ball 2-0: Ball 3-0: Ground out 6-3 (Groundball, 6M, EV 83.8 MPH)
|
Batting: RHB Billy Grubbs
|
0-0: Called Strike 0-1: SOLO HOME RUN (Flyball, 9LD, EV 90.6 MPH), Distance : 335 ft
|
Batting: RHB Tommy Ellington
|
0-0: Ball 1-0: Swinging Strike 1-1: Called Strike 1-2: Ball 2-2: Ball 3-2: Ground out 6-3 (Groundball, 6MS, EV 68.1 MPH)
|
Bottom of the 4th over - 3 runs, 2 hits, 0 errors, 0 left on base; Greeneville 0 - Great Falls 7 |
TOP OF THE 5TH |
Greeneville Astros batting - Pitching for Great Falls Voyagers : LHP Juan Fuentes
|
Batting: RHB Leo Lopez
|
0-0: Foul Ball, location: 2F 0-1: Ball 1-1: Swinging Strike 1-2: Foul Ball, location: 2F 1-2: Ball 2-2: Strikes out swinging
|
Batting: RHB Fernando Acosta
|
0-0: Ball 1-0: Swinging Strike 1-1: Ball 2-1: Called Strike 2-2: Strikes out swinging
|
Batting: RHB Nick Hernandes
|
0-0: Called Strike 0-1: Ground out 6-3 (Groundball, 6, EV 89.4 MPH)
|
Top of the 5th over - 0 runs, 0 hits, 0 errors, 0 left on base; Greeneville 0 - Great Falls 7 |
BOTTOM OF THE 5TH |
Great Falls Voyagers batting - Pitching for Greeneville Astros : RHP Ernie Bell
|
Batting: RHB Duncan Collins
|
0-0: Ball 1-0: Ball 2-0: Ball 3-0: Called Strike 3-1: Base on Balls
|
Batting: RHB Francisco Marin
|
0-0: Called Strike 0-1: Foul Ball, location: 2F 0-2: Fly out, F5 (Line Drive, 5L, EV 72.5 MPH)
|
Batting: RHB David Laureano
|
0-0: Called Strike 0-1: Foul Ball, location: 2F 0-2: Ball 1-2: Strikes out swinging
|
Batting: RHB Enrique Gomez
|
0-0: Called Strike Duncan Collins steals 2nd base 0-1: SINGLE (Groundball, 6, EV 95.6 MPH) Duncan Collins to third Runner from 3rd tries for Home, SAFE, throw by CF to home
|
Batting: RHB Josiah Wright
|
0-0: Ball Enrique Gomez is caught stealing 2nd base 2-4
|
Bottom of the 5th over - 1 run, 1 hit, 0 errors, 0 left on base; Greeneville 0 - Great Falls 8 |
TOP OF THE 6TH |
Greeneville Astros batting - Pitching for Great Falls Voyagers : LHP Juan Fuentes
|
Batting: RHB Gabe Allen
|
0-0: Ball 1-0: Ball 2-0: Foul Ball, location: 2F 2-1: SINGLE (Line Drive, 8RS, EV 108.1 MPH)
|
Pitching: RHP Chris Myers
|
|
Batting: LHB Guadalupe Gonzalez
|
0-0: Ball 1-0: Ball 2-0: Ball 3-0: Foul Ball, location: 2F 3-1: Base on Balls Gabe Allen to second
|
Batting: RHB Areda Obote
|
0-0: Ball Wild Pitch! Gabe Allen to third Guadalupe Gonzalez to second 1-0: Ball 2-0: Foul Ball, location: 2F 2-1: Called Strike 2-2: Ball 3-2: Strikes out swinging
|
Batting: RHB Hugo Priego
|
0-0: SINGLE (Groundball, 4D, EV 103.8 MPH) Gabe Allen scores Guadalupe Gonzalez to third
|
Batting: RHB Roger Pelley
|
0-0: Called Strike Hugo Priego steals 2nd base 0-1: Ball Wild Pitch! Guadalupe Gonzalez scores Hugo Priego to third 1-1: Swinging Strike 1-2: Strikes out swinging
|
Batting: LHB Ryan Fridley
|
0-0: Ball 1-0: Fly out, F7 (Flyball, 7, EV 81.9 MPH)
|
Top of the 6th over - 2 runs, 2 hits, 0 errors, 1 left on base; Greeneville 2 - Great Falls 8 |
BOTTOM OF THE 6TH |
Great Falls Voyagers batting - Pitching for Greeneville Astros : RHP Ernie Bell
|
Batting: RHB Josiah Wright
|
0-0: Ball 1-0: Ball 2-0: Ball 3-0: Base on Balls
|
Pitching: RHP Marty Jackson
|
|
Batting: SHB Veit Geisler
|
0-0: Ball 1-0: Ball 2-0: Swinging Strike 2-1: Foul Ball, location: 2F 2-2: Strikes out swinging
|
Batting: RHB Russ Cornett
|
0-0: Ball 1-0: Grounds into double play, 6-4-3 (Groundball, 6, EV 99.4 MPH)
|
Bottom of the 6th over - 0 runs, 0 hits, 0 errors, 0 left on base; Greeneville 2 - Great Falls 8 |
TOP OF THE 7TH |
Greeneville Astros batting - Pitching for Great Falls Voyagers : RHP Chris Myers
|
Batting: RHB Leo Lopez
|
0-0: Called Strike 0-1: Fly out, F8 (Flyball, 89D, EV 103.8 MPH)
|
Batting: RHB Fernando Acosta
|
0-0: Ground out 3-1 (Groundball, 34S, EV 86.9 MPH)
|
Batting: RHB Nick Hernandes
|
0-0: Swinging Strike 0-1: Called Strike 0-2: Foul Ball, location: 2F 0-2: Ball 1-2: Ball 2-2: Ball 3-2: Strikes out looking
|
Top of the 7th over - 0 runs, 0 hits, 0 errors, 0 left on base; Greeneville 2 - Great Falls 8 |
BOTTOM OF THE 7TH |
Great Falls Voyagers batting - Pitching for Greeneville Astros : RHP Marty Jackson
|
Batting: RHB Billy Grubbs
|
0-0: Ball 1-0: Foul Ball, location: 2F 1-1: Ball 2-1: Foul Ball, location: 2F 2-2: Ball 3-2: Base on Balls
|
Batting: RHB Tommy Ellington
|
0-0: Ball 1-0: Ball 2-0: Called Strike 2-1: Called Strike 2-2: Ball 3-2: Strikes out swinging
|
Batting: RHB Duncan Collins
|
0-0: Ball 1-0: Called Strike 1-1: Ball Billy Grubbs steals 2nd base 2-1: Foul Ball, location: 2F 2-2: Ball 3-2: 2-RUN HOME RUN (Flyball, 9LD, EV 93.1 MPH), Distance : 340 ft
|
Batting: RHB Francisco Marin
|
0-0: Foul Ball, location: 2F 0-1: Ball 1-1: Ball 2-1: Foul Ball, location: 2F 2-2: Ball 3-2: DOUBLE (Flyball, 8RXD, EV 103.1 MPH)
|
Batting: RHB David Laureano
|
0-0: Ball 1-0: Called Strike 1-1: Foul Ball, location: 2F 1-2: Ball 2-2: Ball 3-2: Base on Balls
|
Pitching: LHP Jeremy Mellott
|
|
Batting: RHB Enrique Gomez
|
0-0: Ball 1-0: Ball 2-0: Ball 3-0: Called Strike 3-1: Fly out, F8 (Flyball, 8LXD, EV 93.8 MPH) Runner from 2nd tags up, SAFE at 3rd, no throw by CF
|
Batting: RHB Josiah Wright
|
0-0: Ball 1-0: Swinging Strike 1-1: Ball 2-1: Ball 3-1: Called Strike 3-2: Base on Balls David Laureano to second
|
Pinch Hitting: RHB Jake Feinstein
|
0-0: Ball 1-0: Ball 2-0: Ball 3-0: Base on Balls Francisco Marin scores David Laureano to third Josiah Wright to second
|
Batting: RHB Russ Cornett
|
0-0: Ball 1-0: Called Strike 1-1: Ball 2-1: Foul Ball, location: 2F 2-2: GRAND SLAM HOME RUN (Flyball, 9D, EV 95.6 MPH), Distance : 365 ft
|
Batting: RHB Billy Grubbs
|
0-0: Ball 1-0: Ball 2-0: Ball 3-0: Base on Balls
|
Batting: RHB Tommy Ellington
|
0-0: Called Strike 0-1: Ball 1-1: Fielders Choice at 2nd, 5-4 (Groundball, 5, EV 88.8 MPH)
|
Bottom of the 7th over - 7 runs, 3 hits, 0 errors, 1 left on base; Greeneville 2 - Great Falls 15 |
TOP OF THE 8TH |
Greeneville Astros batting - Pitching for Great Falls Voyagers : RHP Chris Myers
|
Now in LF: Jake Feinstein
|
|
Batting: RHB Gabe Allen
|
0-0: Ball 1-0: Ball 2-0: Ball 3-0: Base on Balls
|
Batting: LHB Guadalupe Gonzalez
|
0-0: Called Strike 0-1: Swinging Strike 0-2: Foul Ball, location: 2F 0-2: Foul Ball, location: 2F 0-2: Fly out, F8 (Line Drive, 8LD, EV 86.2 MPH)
|
Batting: RHB Areda Obote
|
0-0: Ball 1-0: Ball 2-0: TRIPLE (Flyball, 89XD, EV 90.0 MPH) Gabe Allen scores
|
Pitching: LHP Rodolfo Valencia
|
|
Batting: RHB Hugo Priego
|
0-0: Ball 1-0: Swinging Strike 1-1: Ball 2-1: Ball 3-1: Foul Ball, location: 2F 3-2: Strikes out looking
|
Batting: RHB Roger Pelley
|
0-0: Called Strike 0-1: DOUBLE (Flyball, 8RXD, EV 107.5 MPH) Areda Obote scores
|
Pinch Hitting: RHB Russ Greer
|
0-0: Swinging Strike 0-1: Ball 1-1: DOUBLE (Line Drive, 8LD, EV 110.0 MPH) Roger Pelley scores
|
Batting: RHB Leo Lopez
|
0-0: Called Strike 0-1: SINGLE (Groundball, 5D, EV 105.0 MPH) Russ Greer to third Runner from 3rd tries for Home, SAFE, throw by LF to home
|
Batting: RHB Fernando Acosta
|
0-0: Foul Ball, location: 2F 0-1: Ball 1-1: Foul Ball, location: 2F 1-2: Ball 2-2: Ball 3-2: Strikes out swinging
|
Top of the 8th over - 4 runs, 4 hits, 0 errors, 1 left on base; Greeneville 6 - Great Falls 15 |
BOTTOM OF THE 8TH |
Great Falls Voyagers batting - Pitching for Greeneville Astros : LHP Jeremy Mellott
|
Now in LF: Gong Tow
|
|
Batting: RHB Duncan Collins
|
0-0: Ball 1-0: Called Strike 1-1: Ball 2-1: Swinging Strike 2-2: Strikes out swinging
|
Pitching: LHP Jason Mitchell
|
|
Batting: RHB Francisco Marin
|
0-0: Called Strike 0-1: Ball 1-1: Swinging Strike 1-2: Ball 2-2: Ball 3-2: Strikes out looking
|
Batting: RHB David Laureano
|
0-0: Ball 1-0: Swinging Strike 1-1: SINGLE (Groundball, 6MD, EV 105.0 MPH)
|
Batting: RHB Enrique Gomez
|
0-0: Called Strike 0-1: Called Strike 0-2: Foul Ball, location: 2F 0-2: Ball 1-2: Ground out 4-3 (Groundball, 4, EV 86.2 MPH)
|
Bottom of the 8th over - 0 runs, 1 hit, 0 errors, 1 left on base; Greeneville 6 - Great Falls 15 |
TOP OF THE 9TH |
Greeneville Astros batting - Pitching for Great Falls Voyagers : LHP Rodolfo Valencia
|
Pinch Hitting: RHB Yoshitoshi Mori
|
0-0: Ball 1-0: Called Strike 1-1: Ball 2-1: Ball 3-1: Base on Balls
|
Batting: RHB Gabe Allen
|
0-0: Foul Ball, location: 2F 0-1: Grounds into double play, 5-4-3 (Groundball, 5D, EV 101.2 MPH)
|
Batting: LHB Guadalupe Gonzalez
|
0-0: SINGLE (Flyball, 9LS, EV 86.9 MPH)
|
Batting: RHB Areda Obote
|
0-0: Hit by Pitch Guadalupe Gonzalez to second
|
Batting: RHB Hugo Priego
|
0-0: Ball 1-0: Fielders Choice at 2nd, U6 (Groundball, 6M, EV 103.8 MPH)
|
Top of the 9th over - 0 runs, 1 hit, 0 errors, 2 left on base; Greeneville 6 - Great Falls 15 |
|